 Dungeon Crawl Stone Soup version 0.31-a0-851-g7ff8af7976 (webtiles) character file.

Game seed: 2718114487817546261

224643 cforsyth the Eclecticist (level 20, 0/141 HPs)
             Began as a Djinni Necromancer on Oct 6, 2023.
             Was the Champion of Hepliaklqana.
             Slain by a merfolk
             ... wielding a +0 trident
              (23 damage)
             ... on level 4 of the Shoals on Oct 7, 2023.
             The game lasted 01:47:51 (41417 turns).

cforsyth the Eclecticist (Djinni Necromancer)      Turns: 41417, Time: 01:47:51

Health: 0/141      AC: 10    Str:  7    XL:     20   Next: 7%
Gold:   3862       EV: 17    Int: 31    God:    Hepliaklqana [******] SH: 10 Dex: 15

rFire   + . .        N - +5 rapier "Obevucaemp" {heavy, rElec rCorr Stlth+}
rCold   . . .        G - +0 kite shield {AC+3}
rNeg    . . .        J - +0 troll leather armour
rPois   ∞            z - +2 helmet {SInv}
rElec   +            W - scarf {repulsion}
rCorr   +            O - +0 pair of gloves
SInv    +            (boots unavailable)
Will    ++...        (no amulet)
Stlth   +++          L - ring of ice
HPRegen 1.23/turn    q - +6 ring of intelligence
MPRegen 0.00/turn

%: repel missiles, infuse magic (-1 HP)
@: flying
A: reduced essence, sickness immunity, fire resistance 2, cold vulnerability 1,
float, innate caster, HP casting, extra vitality 1
}: 1/15 runes: serpentine
a: Renounce Religion, Recall Ancestor, Ancestor Identity, Transference, Idealise


You were on level 4 of the Shoals.
You worshipped Hepliaklqana.
Hepliaklqana was exalted by your worship.
You visited 6 branches of the dungeon, and saw 31 of its levels.
You also visited: Sewer and Bailey.

You collected 4370 gold pieces.
You spent 508 gold pieces at shops.

Inventory:

Hand Weapons
 k - a +2 short sword of venom
 N - the +5 rapier "Obevucaemp" (weapon) {heavy, rElec rCorr Stlth+}
   (You found it on level 2 of the Lair of Beasts)

   rElec:     It insulates you from electricity.
   rCorr:     It protects you from acid and corrosion.
   Stlth+:    It makes you more stealthy.
Missiles
 b - 12 throwing nets
Armour
 z - a +2 helmet of see invisible (worn)
 G - a +0 kite shield of protection (worn)
 J - a +0 troll leather armour (worn)
 M - a +0 buckler
 O - a +0 pair of gloves (worn)
 T - a +0 cloak of preservation
 W - a scarf of repulsion (worn)
Jewellery
 h - a +4 ring of protection
 q - a +6 ring of intelligence (right hand)
 x - a ring of see invisible
 L - a ring of ice (left hand)
 P - a +6 ring of intelligence
 U - the ring of Anyetsum {rC++ Will- rCorr Str+7}
   (You found it on level 3 of the Shoals)

   [ring of resist corrosion]

   Str+7:     It affects your strength (+7).
   rC++:      It greatly protects you from cold.
   Will-:     It decreases your willpower.
   rCorr:     It protects you from acid and corrosion.
 V - a ring of fire
 X - a +6 ring of intelligence
Wands
 i - a wand of roots (58)
 p - a wand of polymorph (12)
 r - a wand of flame (43)
 B - a wand of mindburst (24)
 F - a wand of quicksilver (14)
 H - a wand of charming (27)
 Z - a wand of digging (9)
Scrolls
 a - 4 scrolls of revelation
 c - 3 scrolls of torment
 e - 4 scrolls of noise
 f - 6 scrolls of identify
 j - 9 scrolls of enchant armour
 m - 3 scrolls of enchant weapon
 o - 6 scrolls of teleportation
 s - a scroll of blinking
 u - 5 scrolls of poison
 v - a scroll of fear
 y - 3 scrolls of brand weapon
 D - 2 scrolls of vulnerability
 I - 5 scrolls of immolation
 R - a scroll of amnesia
 S - a scroll of silence
Potions
 d - 2 potions of invisibility
 g - 2 potions of haste
 l - 3 potions of cancellation
 n - 10 potions of enlightenment
 t - 4 potions of attraction
 w - a potion of mutation
 A - 3 potions of berserk rage
 C - 7 potions of might
 E - 4 potions of curing
 K - 4 potions of brilliance
 Q - 3 potions of lignification
 Y - a potion of resistance


   Skills:
 + Level 17.8 Fighting
 + Level 15.9 Dodging
 - Level 1.5 Stealth
 + Level 7.6 Shields
 * Level 19.0 Spellcasting
 * Level 19.0 Conjurations
 * Level 19.0 Hexes
 * Level 19.0 Summonings
 * Level 19.0 Necromancy
 * Level 19.0 Translocations
 * Level 19.0 Transmutations
 * Level 19.0 Fire Magic
 * Level 19.0 Ice Magic
 * Level 19.0 Air Magic
 * Level 19.0 Earth Magic
 * Level 19.0 Poison Magic


You knew the following spells:

 Your Spells              Type           Power      Damage    Failure   Level
a - Necrotise             Necr           100%       1d9       0%          1
b - Vampiric Draining     Necr           99%        2d13      0%          3
c - Animate Dead          Necr           99%        N/A       1%          4
d - Agony                 Necr           99%        N/A       1%          5
e - Foxfire               Conj/Fire      100%       2x1d9     0%          1
f - Passwall              Tmut/Erth      82%        N/A       0%          2
g - Stone Arrow           Conj/Erth      100%       3d13      0%          3
h - Summon Lightning Spi  Summ/Air       99%        N/A       1%          4
i - Sticky Flame          Conj/Fire      99%        2d11      1%          4
j - Irradiate             Conj/Tmut      49%        3d28      1%          5
k - Simulacrum            Ice/Necr       61%        N/A       1%          6
l - Summon Hydra          Summ           49%        N/A       3%          7
m - Haunt                 Necr/Summ      49%        N/A       3%          7
Your spell library was empty.

Dungeon Overview and Level Annotations

Branches:
Dungeon (15/15)            Temple (1/1) D:6            Lair (5/5) D:9
 Shoals (4/4) Lair:3        Snake (4/4) Lair:2        Slime (0/5) Lair:4
    Orc (2/2) D:10            Elf (0/3) Orc:2        Vaults (0/5) D:13
 Depths (0/4) D:15          Sewer (visited)          Bailey (visited)

Altars:
Ashenzari
Cheibriados
Dithmenos
Elyvilon
Fedhas
Gozag
Hepliaklqana
Makhleb
Nemelex Xobeh
Okawaru
Qazlal
Ru
Trog
Uskayaw
Wu Jian
Xom
Yredelemnul
Zin
The Shining One
Jiyva

Shops:
D:1 (?**   D:10 ?   D:12 [   D:15 *   Orc:1 (*   Orc:2 *:[((   Snake:3 [(

Annotations:
Orc:1 3 runed translucent doors, JayJaygamer2134567's ghost, journeyman TrBe


Innate Abilities, Weirdness & Mutations

Your life essence is reduced to manifest your ancestor. (-10% HP)
You are immune to sickness and miasma.
You are immune to poison.
Your flesh is very heat resistant. (rF++)
You are vulnerable to cold. (rC-)
You float through the air rather than walking.
You learn spells naturally, not from books.
Your magical power is your life essence.
You have superior vitality. (+4 MHP)


Message History

Your wraith closely misses the merfolk.
The water nymph points at you and mumbles some strange words.
The water rises up and strikes you.
Your surroundings suddenly seem different.
A merfolk siren, 3 dream sheep and a merfolk come into view.
The merfolk hits you from afar with a +0 trident.
You block the merfolk's attack.
The dream sheep bleats!
The merfolk attacks as it pursues you! The merfolk closely misses you.
You block the merfolk's attack.
The merfolk hits you from afar with a +0 trident!
Your magical contamination has completely faded away.
The merfolk attacks as it pursues you!
The merfolk hits you but does no damage.
The merfolk attacks as it pursues you! You block the merfolk's attack.
Casting: Haunt (dangerous; 3% risk of failure)
Confirm with . or Enter, or press ? or * to list all spells.
An eight-headed hydra appears.
The merfolk hits you from afar with a +0 trident!
Casting: Summon Hydra (dangerous; 3% risk of failure)
Confirm with . or Enter, or press ? or * to list all spells.
An eight-headed hydra appears.
* * * LOW HITPOINT WARNING * * *
The merfolk hits you from afar with a +0 trident!
* * * LOW HITPOINT WARNING * * *
Your eight-headed hydra bites the merfolk!
Your eight-headed hydra closely misses the merfolk.
Your eight-headed hydra bites the merfolk.
Your eight-headed hydra closely misses the merfolk. x2
Your eight-headed hydra bites the merfolk! x2
Your eight-headed hydra barely misses the merfolk.
Casting: Summon Hydra (dangerous; 3% risk of failure)
Confirm with . or Enter, or press ? or * to list all spells.
Aiming: Haunt (dangerous; 3% risk of failure)
Press: ? - help, Dir - move target, f - merfolk
Aim: a merfolk, wielding a +0 trident (water, severely wounded, ally target) Insubstantial figures form in the air.
* * * LOW HITPOINT WARNING * * *
The merfolk hits you from afar with a +0 trident!!
You die...

.....~~~~~Y~≈≈≈≈≈#
...~~~~~~~Y≈≈≈≈≈≈#
~~~~~~~≈≈≈≈≈≈≈≈≈≈#
~~~~~≈≈≈≈≈≈≈≈≈≈≈≈#
≈≈≈≈≈≈≈≈≈≈≈≈≈≈≈W≈#
≈≈≈≈≈≈≈≈≈≈≈≈≈≈≈WW#
≈≈≈≈≈≈≈≈≈≈≈≈≈≈Dm#
≈≈≈≈≈≈≈≈≈≈≈≈W≈≈#
≈≈≈≈≈≈≈≈≈≈≈WD@#
##############


You could see a merfolk (ally target), a dream sheep, 2 friendly eight-headed
hydras, a friendly phantasmal warrior (summoned), 2 friendly freezing wraiths
and 2 friendly wraiths.

Vanquished Creatures
  Saint Roka (Snake:4)
  Nikola (Snake:4)
  Frances (Snake:2)
  A kraken (Shoals:1)
  Kirke (D:12)
  8 nagarajas (Snake:4)
  A frost giant (D:15)
  An orc warlord (Orc:2)
  Azrael (D:14)
  A merfolk javelineer (Shoals:1)
  A merfolk impaler (Shoals:1)
  Josephine (D:11)
  Harold (Lair:1)
  Erolcha (D:12)
  2 salamander tyrants (Snake:4)
  An ogre mage (D:15)
  4 hydras
  A merfolk avatar (Shoals:3)
  2 anacondas
  2 boulder beetles
  4 centaur warriors
  An alligator snapping turtle (Shoals:2)
  A catoblepas (Lair:3)
  A death knight (D:15)
  2 naga warriors
  5 two-headed ogres
  A deep troll earth mage (D:15)
  4 tengu warriors
  Urug (D:11)
  3 shock serpents
  14 naga sharpshooters
  A skyshark (Shoals:1)
  A skeletal warrior (D:11)
  3 sea snakes
  2 wizards (D:13)
  2 naga ritualists
  2 orc sorcerers (Orc:2)
  Pikel (D:4)
  7 harpies
  3 ugly things (D:13)
  2 orc knights
  An oklob plant (Lair:2)
  3 deep elf pyromancers
  4 mana vipers
  4 cyclopes
  13 salamanders
  A faun (Shoals:2)
  A salamander (shapeshifter) (D:14)
  3 manticores
  2 merfolk sirens
  Maurice (D:12)
  2 torpor snails
  A water nymph (Shoals:3)
  3 gargoyles
  18 black mambas
  Maggie (D:6)
  A guardian serpent (Snake:4)
  8 naga magi
  17 cane toads
  An unseen horror (D:12)
  3 efreet
  10 komodo dragons
  2 rime drakes
  3 freezing wraiths (D:15)
  6 tengu conjurers
  2 polar bears (Lair:2)
  4 trolls
  6 merfolk
  3 nameless horrors
  2 hornets (D:11)
  16 blink frogs
  6 dream sheep
  Sigmund (D:2)
  A wyvern (Lair:4)
  9 slime creatures
  A vampire (D:13)
  7 wraiths
  A shadow (D:11)
  Eustachio (D:6)
  3 fire elementals (D:15)
  A basilisk (D:14)
  27 yaks
  3 hogs
  A steam dragon (D:7)
  9 vampire mosquitoes
  2 wargs (Orc:2)
  25 nagas
  4 acid dragons
  Duvessa (D:7)
  12 water moccasins
  A hell hound (D:15)
  21 orc warriors
  4 ogres
  An ice beast (D:6)
  A sky beast (D:7)
  7 wolves
  3 centaurs
  3 kobold brigands
  12 bullfrogs
  2 gnoll sergeants
  5 scorpions
  Dowan (D:7)
  11 killer bees
  8 electric eels
  7 howler monkeys
  5 lava snakes
  11 orc priests
  Crazy Yiuf (D:3)
  A jelly (D:5)
  A gnoll bouda (D:9)
  4 sleepcaps
  Jessica (D:2)
  2 iguanas
  Ijyb (D:3)
  Terence (D:3)
  10 orc wizards
  Robin (D:1)
  19 gnolls
  7 adders
  A river rat (D:6)
  An ufetubus (D:5)
  3 worms
  3 dart slugs
  70 orcs
  8 endoplasms
  7 giant cockroaches
  18 goblins
  10 hobgoblins
  7 jackals
  4 quokkas
  9 ball pythons
  3 bats
  14 frilled lizards
  24 kobolds
  5 rats
  A spectral orc (D:5)
691 creatures vanquished.

Vanquished Creatures (collateral kills)
  6 krakens
  4 nagarajas (Snake:4)
  An orc warlord (Orc:2)
  The ghost of Afoddaed the Spry, a journeyman FeSu of Gozag (Shoals:3)
  A merfolk javelineer (Shoals:1)
  2 merfolk impalers
  3 hydras
  3 salamander tyrants
  An alligator snapping turtle (Shoals:3)
  4 merfolk aquamancers
  2 two-headed ogres
  2 centaur warriors
  4 anacondas
  3 satyrs
  4 naga warriors
  2 merfolk avatars (Shoals:1)
  4 death yaks (Lair:5)
  2 orc high priests (Orc:2)
  7 shock serpents
  A tengu warrior (D:15)
  4 naga sharpshooters
  5 skysharks
  The ghost of Fractals the Grasshopper, a novice BaWr (D:6)
  6 sea snakes
  5 salamander mystics
  4 skeletal warriors
  3 orc knights
  4 naga ritualists
  A deep elf pyromancer (D:14)
  13 harpies
  2 ugly things
  An orc sorcerer (Orc:2)
  A mana viper (Snake:1)
  11 manticores
  21 fauns
  4 elephants (Lair:5)
  2 moths of wrath (Shoals:3)
  Joseph (Lair:1)
  18 salamanders
  10 merfolk sirens
  A guardian serpent (Snake:4)
  14 black mambas
  3 naga magi
  6 water nymphs
  A torpor snail (Lair:5)
  4 cane toads
  2 komodo dragons
  A polar bear (Lair:5)
  2 wind drakes
  2 tyrant leeches (Lair:5)
  3 trolls
  22 merfolk
  10 snapping turtles
  3 dream sheep
  20 blink frogs
  3 slime creatures
  6 water elementals
  4 fire elementals
  18 yaks
  4 vampire mosquitoes (Lair:5)
  2 wargs (Orc:1)
  12 nagas
  5 water moccasins
  20 orc warriors
  2 centaurs (Lair:3)
  2 wolves
  3 ogres (Orc:2)
  5 bullfrogs
  5 nameless horrors
  A lava snake (Snake:3)
  9 orc priests (Orc:2)
  A gnoll bouda (Orc:2)
  10 orc wizards
  6 gnolls
  17 orcs
  A frilled lizard (D:1)
  A rat (D:1)
  4 foxfires
  11 tentacles (Shoals:1)
420 creatures vanquished.

Vanquished Creatures (others)
  An orc sorcerer (Snake:4)
  2 slime creatures (D:15)
  An acid dragon (D:12)
  An ogre (D:15)
  19 knights
  7 ancestors
  An orc wizard (Snake:4)
  5 orcs (Snake:4)
  414 foxfires
  50 tentacles
501 creatures vanquished.

Grand Total: 1612 creatures vanquished

Notes
Turn   | Place    | Note
-------+----------+-------------------------------------------
     0 | D:1      | cforsyth the Djinni Necromancer began the quest for the
                  | Orb.
     0 | D:1      | cforsyth set off with the following spells memorised:
                  | Necrotise, Vampiric Draining, Animate Dead, Agony.
     0 | D:1      | Reached XP level 1. HP: 15/15 MP: 0/0
     5 | D:1      | Found Mala's General Store.
    21 | D:1      | Found Lirghunk's Magic Scroll Shop.
    68 | D:1      | Found Ykulal's Weapon Shop.
   124 | D:1      | Reached XP level 2. HP: 20/22 MP: 0/0
   347 | D:1      | Found Jihuq's General Store.
   525 | D:1      | Reached skill level 1 in Fighting
   580 | D:1      | Reached XP level 3. HP: 20/27 MP: 0/0
   580 | D:1      | Learned a level 1 spell: Foxfire
   873 | D:2      | Noticed Jessica
   876 | D:2      | Killed Jessica
   877 | D:2      | Reached XP level 4. HP: 28/33 MP: 0/0
  1054 | D:2      | Noticed Sigmund
  1357 | D:2      | Noticed Robin
  1935 | D:2      | Killed Sigmund
  1936 | D:2      | Reached skill level 5 in Spellcasting
  1936 | D:2      | Reached skill level 5 in Conjurations
  1936 | D:2      | Reached skill level 5 in Hexes
  1936 | D:2      | Reached skill level 5 in Summonings
  1936 | D:2      | Reached skill level 5 in Necromancy
  1936 | D:2      | Reached skill level 5 in Translocations
  1936 | D:2      | Reached skill level 5 in Transmutations
  1936 | D:2      | Reached skill level 5 in Fire Magic
  1936 | D:2      | Reached skill level 5 in Ice Magic
  1936 | D:2      | Reached skill level 5 in Air Magic
  1936 | D:2      | Reached skill level 5 in Earth Magic
  1936 | D:2      | Reached skill level 5 in Poison Magic
  1936 | D:2      | Reached XP level 5. HP: 22/40 MP: 0/0
  1936 | D:2      | Learned a level 2 spell: Passwall
  1936 | D:2      | Reached XP level 6. HP: 25/46 MP: 0/0
  2094 | D:1      | Killed Robin
  2160 | D:1      | Found Jihuq's General Store.
  2269 | D:1      | Found Ykulal's Weapon Shop.
  2282 | D:1      | Found Lirghunk's Magic Scroll Shop.
  2755 | D:3      | Noticed Ijyb
  2760 | D:3      | Killed Ijyb
  2809 | D:3      | Found a faded altar of an unknown god.
  3067 | D:3      | Found a broken altar of Ashenzari.
  3075 | D:3      | Identified the staff "Itsas" {+Blink rPois MP+9 Int+5 Dex-3
                  | Poison}
  3120 | D:3      | Found a runed translucent door.
  3121 | D:3      | Noticed Crazy Yiuf
  3363 | D:3      | Noticed Terence
  3398 | D:3      | Killed Terence
  3628 | D:4      | Noticed Pikel
  3634 | D:4      | Found a glowing drain.
  3637 | D:4      | Reached XP level 7. HP: 36/50 MP: 0/0
  3637 | D:4      | Learned a level 3 spell: Stone Arrow
  3648 | Sewer    | Entered a sewer
  4215 | D:4      | Killed Pikel
  4216 | D:4      | Reached skill level 5 in Fighting
  4216 | D:4      | Reached XP level 8. HP: 47/59 MP: 0/0
  4666 | D:5      | Entered Level 5 of the Dungeon
  5117 | D:5      | Reached XP level 9. HP: 58/66 MP: 0/0
  5117 | D:5      | Learned a level 4 spell: Summon Lightning Spire
  5673 | D:5      | Found a basalt altar of Yredelemnul.
  5823 | D:6      | Noticed Maggie
  6224 | D:6      | Found a staircase to the Ecumenical Temple.
  6243 | Temple   | Entered the Ecumenical Temple
  6380 | D:6      | Found a runed translucent door.
  6386 | D:6      | Noticed Fractals's ghost (novice BaWr)
  6441 | D:6      | Noticed Eustachio
  6446 | D:6      | Killed Eustachio
  6532 | D:6      | Killed Maggie
  6614 | D:6      | Found a runed translucent door.
  6845 | D:6      | Killed Fractals's ghost
  6846 | D:6      | Reached XP level 10. HP: 50/75 MP: 0/0
  6976 | D:7      | Noticed Duvessa
  6980 | D:7      | Noticed Dowan
  6985 | D:7      | Killed Duvessa
  6994 | D:7      | Killed Dowan
  7174 | D:7      | Found a flagged portal.
  7188 | Bailey   | Entered a bailey
  7194 | Bailey   | Noticed an orc knight
  7306 | Bailey   | Identified the +6 shortbow of Verev {drain, rPois rC+ Int+4
                  | Dex-2}
  7522 | Bailey   | Killed an orc knight
  8133 | D:7      | Found a burning altar of Makhleb.
  8178 | D:7      | Found a stormy altar of Qazlal.
  8328 | D:7      | Found a snail-covered altar of Cheibriados.
  8636 | D:8      | Reached skill level 10 in Spellcasting
  8636 | D:8      | Reached skill level 10 in Conjurations
  8636 | D:8      | Reached skill level 10 in Hexes
  8636 | D:8      | Reached skill level 10 in Summonings
  8636 | D:8      | Reached skill level 10 in Necromancy
  8636 | D:8      | Reached skill level 10 in Translocations
  8636 | D:8      | Reached skill level 10 in Transmutations
  8636 | D:8      | Reached skill level 10 in Fire Magic
  8636 | D:8      | Reached skill level 10 in Ice Magic
  8636 | D:8      | Reached skill level 10 in Air Magic
  8636 | D:8      | Reached skill level 10 in Earth Magic
  8636 | D:8      | Reached skill level 10 in Poison Magic
  9763 | D:9      | Found a staircase to the Lair.
  9817 | D:9      | Reached XP level 11. HP: 66/84 MP: 0/0
  9817 | D:9      | Learned a level 4 spell: Sticky Flame
  9926 | D:9      | Noticed a two-headed ogre
  9954 | D:9      | Killed a two-headed ogre
 10575 | D:10     | Entered Level 10 of the Dungeon
 10629 | D:10     | Found a sacrificial altar of Ru.
 10659 | D:10     | Found Bugequg's Magic Scroll Shoppe.
 10902 | D:3      | Killed Crazy Yiuf
 11372 | D:10     | Noticed a centaur warrior
 11814 | D:10     | Found a glowing golden altar of the Shining One.
 11817 | D:10     | Found a blossoming altar of Fedhas.
 11824 | D:10     | Found an opulent altar of Gozag.
 11824 | D:10     | Found a hazy altar of Hepliaklqana.
 11833 | D:10     | Became a worshipper of Hepliaklqana the Forgotten
 11874 | D:10     | Killed a centaur warrior
 11875 | D:10     | Reached skill level 10 in Fighting
 12995 | D:10     | Found a staircase to the Orcish Mines.
 13374 | D:10     | Bought a scroll of revelation for 105 gold pieces
 14161 | D:11     | Reached XP level 12. HP: 84/92 MP: 0/0
 14214 | D:11     | Reached * piety under Hepliaklqana
 14220 | D:11     | Noticed a skeletal warrior
 14308 | D:11     | Noticed a skeletal warrior
 14321 | D:11     | Killed a skeletal warrior
 14326 | D:11     | Killed a skeletal warrior
 14418 | D:11     | Noticed a skeletal warrior
 14418 | D:11     | Noticed a skeletal warrior
 14438 | D:11     | Killed a skeletal warrior
 14446 | D:11     | Killed a skeletal warrior
 14488 | D:11     | Noticed a two-headed ogre
 14493 | D:11     | Killed a two-headed ogre
 14935 | D:11     | Noticed Urug
 14941 | D:11     | Killed Urug
 14941 | D:11     | Noticed Josephine
 15047 | D:11     | Killed Josephine
 15331 | D:12     | Found Keyfuor's Antique Armour Boutique.
 15339 | D:12     | Bought an ichor-stained leather armour for 238 gold pieces
 15339 | D:12     | Identified the +0 leather armour "Gahar" {rC- Int+5} (You
                  | bought it in a shop on level 12 of the Dungeon)
 15359 | D:12     | Noticed Erolcha
 15362 | D:12     | Killed Erolcha
 15562 | D:12     | Noticed Maurice
 15565 | D:12     | Killed Maurice
 15614 | D:12     | Reached XP level 13. HP: 84/90 MP: 0/0
 15614 | D:12     | Learned a level 5 spell: Irradiate
 15637 | D:12     | Reached skill level 5 in Dodging
 15900 | D:12     | Reached skill level 1 in Shields
 16047 | D:12     | Noticed Kirke
 16733 | D:12     | Killed Kirke
 16958 | Lair:1   | Entered Level 1 of the Lair of Beasts
 16958 | Lair:1   | Reached ** piety under Hepliaklqana
 16965 | D:9      | Remembered your ancestor Enheduana as a knight
 18421 | Lair:1   | Noticed Joseph
 18423 | Lair:1   | Noticed Harold
 18427 | Lair:1   | Killed Joseph
 18435 | Lair:1   | Killed Harold
 18809 | Lair:2   | Noticed a five-headed hydra
 18914 | Lair:2   | Reached *** piety under Hepliaklqana
 19111 | Lair:2   | Reached XP level 14. HP: 54/97 MP: 0/0
 19226 | Lair:2   | Identified the +5 rapier "Obevucaemp" {heavy, rElec rCorr
                  | Stlth+}
 19292 | Lair:2   | Found a sparkling altar of Nemelex Xobeh.
 19416 | Lair:2   | Found a staircase to the Snake Pit.
 19647 | Lair:2   | Reached skill level 5 in Shields
 20269 | Lair:3   | Found an ornate altar of the Wu Jian Council.
 20269 | Lair:3   | Found a hide-covered altar of Uskayaw.
 20548 | Lair:3   | Found a staircase to the Shoals.
 20575 | Lair:3   | Reached **** piety under Hepliaklqana
 21326 | Lair:4   | Found a staircase to the Slime Pits.
 21326 | Lair:4   | Found a viscous altar of Jiyva.
 21429 | Lair:4   | Found a glowing golden altar of the Shining One.
 21881 | Lair:5   | Entered Level 5 of the Lair of Beasts
 21977 | Lair:5   | Reached XP level 15. HP: 82/103 MP: 0/0
 21977 | Lair:5   | Learned a level 6 spell: Simulacrum
 22076 | Lair:5   | Identified the +6 chain mail of the Pits of Slime {Str+2}
 22090 | Lair:5   | Identified the +9 halberd "Arbiter" {freeze, rPois rF+
                  | Str+4}
 22196 | Lair:5   | Reached ***** piety under Hepliaklqana
 22231 | Lair:5   | Reached skill level 15 in Spellcasting
 22231 | Lair:5   | Reached skill level 15 in Conjurations
 22231 | Lair:5   | Reached skill level 15 in Hexes
 22231 | Lair:5   | Reached skill level 15 in Summonings
 22231 | Lair:5   | Reached skill level 15 in Necromancy
 22231 | Lair:5   | Reached skill level 15 in Translocations
 22231 | Lair:5   | Reached skill level 15 in Transmutations
 22231 | Lair:5   | Reached skill level 15 in Fire Magic
 22231 | Lair:5   | Reached skill level 15 in Ice Magic
 22231 | Lair:5   | Reached skill level 15 in Air Magic
 22231 | Lair:5   | Reached skill level 15 in Earth Magic
 22231 | Lair:5   | Reached skill level 15 in Poison Magic
 22456 | Lair:5   | Reached skill level 10 in Dodging
 23180 | Orc:1    | Entered Level 1 of the Orcish Mines
 23241 | Orc:1    | Found Aanwevi's Alliterative Armaments.
 23496 | Orc:2    | Entered Level 2 of the Orcish Mines
 23591 | Orc:2    | Noticed an orc warlord
 23604 | Orc:2    | Killed an orc warlord
 23639 | Orc:2    | Noticed an orc warlord
 23829 | Orc:2    | Killed an orc warlord
 24067 | Orc:2    | Found Hufoegy's Antique Armour Shop.
 24075 | Orc:2    | Bought a runed cloak for 165 gold pieces
 24306 | Orc:2    | Found Hump's Book Shop.
 24310 | Orc:2    | Found Hiomm's Antique Weapon Shop.
 24385 | Orc:2    | Found Xown's Weapon Emporium.
 24734 | Orc:2    | Found a staircase to the Elven Halls.
 24761 | Orc:2    | Found Hexurah's General Store.
 24802 | Orc:1    | Found Dywimeti's Antique Weapon Boutique.
 25185 | Orc:1    | Found a runed translucent gate.
 25185 | Orc:1    | Found a runed translucent gate.
 25185 | Orc:1    | Found a runed translucent gate.
 25185 | Orc:1    | Noticed JayJaygamer2134567's ghost (journeyman TrBe)
 25193 | Orc:1    | Found an iron altar of Okawaru.
 25628 | D:13     | Reached XP level 16. HP: 47/111 MP: 0/0
 25864 | D:13     | Found a gate to the Vaults.
 27541 | D:15     | Entered Level 15 of the Dungeon
 27541 | D:15     | Reached ****** piety under Hepliaklqana
 27642 | D:15     | Noticed Azrael
 27831 | D:14     | Killed Azrael
 27980 | D:15     | Found Zin's Purification Station.
 28303 | D:15     | Reached skill level 15 in Fighting
 29228 | D:15     | Found a glowing silver altar of Zin.
 29405 | D:15     | Noticed a frost giant
 29673 | D:15     | Killed a frost giant
 29835 | D:15     | Found a staircase to the Depths.
 30122 | Snake:1  | Entered Level 1 of the Snake Pit
 30749 | Snake:1  | Reached XP level 17. HP: 109/117 MP: 0/0
 30749 | Snake:1  | Learned a level 7 spell: Summon Hydra
 31289 | Snake:1  | Found a snail-covered altar of Cheibriados.
 31572 | Snake:2  | Noticed Frances
 31579 | Snake:2  | Killed Frances
 33706 | Snake:3  | Found Veerad's Weapon Shoppe.
 33706 | Snake:3  | Found Vehuqy's Armour Shop.
 33838 | Snake:3  | Identified the +4 battleaxe of Zeulauw {elec, Fragile rN+
                  | Dex+7}
 33938 | Snake:3  | Reached XP level 18. HP: 105/125 MP: 0/0
 34255 | Snake:4  | Entered Level 4 of the Snake Pit
 34656 | Snake:4  | Found a hazy altar of Hepliaklqana.
 35289 | Snake:4  | Noticed Nikola
 35290 | Snake:4  | Noticed Saint Roka
 35363 | Snake:4  | Killed Saint Roka
 36250 | Snake:4  | Killed Nikola
 36515 | Snake:4  | Got a serpentine rune of Zot
 36700 | Shoals:1 | Entered Level 1 of the Shoals
 37315 | Shoals:1 | Noticed a kraken
 37467 | Shoals:1 | Killed a kraken
 37476 | Shoals:1 | Identified a scroll of acquirement
 37477 | Shoals:1 | Acquired 773 gold pieces
 37566 | Shoals:1 | Noticed a kraken
 37579 | Shoals:1 | Killed a kraken
 37626 | Shoals:1 | Noticed a kraken
 37660 | Shoals:1 | Reached XP level 19. HP: 103/133 MP: 0/0
 37660 | Shoals:1 | Learned a level 7 spell: Haunt
 37700 | Shoals:1 | Reached skill level 15 in Dodging
 38531 | Shoals:1 | Identified the +3 shortbow "Newt's Doom" {drain, Int+5}
 39161 | Shoals:2 | Identified the +0 scale mail "Gunwotz" {MP+9 Int+3 SInv}
 40292 | Shoals:3 | Found a transporter.
 40324 | Shoals:3 | Found a transporter.
 40796 | Shoals:3 | Noticed Afoddaed's ghost (journeyman FeSu)
 40980 | Shoals:3 | Reached XP level 20. HP: 133/141 MP: 0/0
 40988 | Shoals:3 | Killed Afoddaed's ghost
 41348 | Shoals:3 | Identified the ring of Anyetsum {rC++ Will- rCorr Str+7}
 41384 | Shoals:4 | Entered Level 4 of the Shoals
 41417 | Shoals:4 | Slain by a merfolk

Illustrated notes

Levels and vault maps discovered:
D:1:      dpeg_arrival_simpleton_b, layout_basic, serial_glass, glass_columns_b,
          glass_columns_c, serial_shops, shop, shop,
          nicolae_shop_tiny_statue_garden, nicolae_shop_statue_plus
D:2:      layout_rooms, serial_bayou_crossing, uniq_sigmund, uniq_jessica,
          uniq_robin
D:3:      layout_loops_cross, ashenzari_altar_1,
          shapermc_ecumenical_altar_acropolis, uniq_ijyb,
          uniq_crazy_yiuf_cottage, uniq_terence
D:4:      layout_gridville, portal_sewer_entry_d, wad_woods_river_04, uniq_pikel
D:5:      layout_basic, yredelemnul_forgotten_temple_becter,
          amcnicky_mini_corridor_feature
D:6:      layout_gridville, minmay_temple_entry_offerings,
          ebering_ghost_sewer_f, minmay_misc_feat_four_crosses, feat_on_display,
          uniq_eustachio, uniq_maggie
D:7:      layout_cave_pools, cheibrodos_worm_habitat,
          mainiacjoe_overflow_two_lobes, enter_bailey_7, enter_ossuary_2,
          uniq_duvessa
D:8:      layout_basic
D:9:      layout_basic, lair_entry_dummy
D:10:     layout_irregular_city, nicolae_ru_the_path_less_chosen,
          minmay_overflow_temple_hex, david_orc_5, serial_bayou,
          serial_bayou_pond_c, serial_bayou_pond_d, serial_bayou_pond_e,
          serial_bayou_shore_b, nicolae_lava_and_water, kennysheep_windowed_goal
D:11:     layout_basic, amcnicky_mini_pool_small, evilmike_butchery,
          uniq_josephine, uniq_urug
D:12:     layout_basic, serial_shops, shop, uniq_erolcha, uniq_maurice,
          uniq_kirke
D:13:     layout_grid_maze, david_vaults_1, hangedman_decor_diamond_cutter
D:14:     layout_irregular_city, solitary_fountain
D:15:     hellmonk_depths_entry_around_the_bend, layout_rooms,
          serial_park_tiny_1, zin_purify, uniq_azrael
Temple:   jpeg_temple_alley_garden
Lair:1:   layout_gridlike, nicolae_quartered_pool_super,
          chequers_serial_rivers_micro_c, serial_bayou_shore_b, uniq_joseph,
          uniq_harold
Lair:2:   layout_loops_ring, nicolae_snake_entry_warm_welcome,
          lemuel_oklob_altar, grunt_megastairs_4
Lair:3:   layout_regular_city, minmay_shoals_entry_centaurs,
          nzn_masters_of_martial_movement, infiniplex_staircase_pool_2,
          grunt_megastairs_2
Lair:4:   layout_misc_corridors, slime_entry_1, basic_altar
Lair:5:   minmay_lair_end_frog_pond, layout_layer_cave, nicolae_lair_lil_pond
Shoals:1: nicolae_shoals_lighthouse, layout_shoals
Shoals:2: nicolae_shoals_aurelia_aurita, layout_shoals
Shoals:3: layout_shoals, gammafunk_ghost_berserking_beasts
Shoals:4: shoals_end_simple, layout_shoals, shoals_ilsuiw_ice,
          nicolae_shoals_water_shrine
Snake:1:  layout_basic, basic_altar
Snake:2:  layout_gridlike, uniq_frances
Snake:3:  layout_cave_town, nicolae_wooded_promenade,
          nicolae_snake_salamander_zone
Snake:4:  grunt_snake_rune_spirals, layout_onion, basic_altar, uniq_saint_roka,
          uniq_nikola
Orc:1:    layout_diamond_mine, basic_altar, gammafunk_ghost_fury_of_okawaru,
          serial_shops, shop, monkooky_shop_alliterative
Orc:2:    grunt_orc_cross, layout_diamond_mine, serial_shops,
          nicolae_shop_hallway_stairs, bh_open_orc_temple

Skill      XL: |  1  2  3  4  5  6  7  8  9 10 11 12 13 14 15 16 17 18 19 |
---------------+----------------------------------------------------------+-----
Fighting       | 1 3 5 7 9 10 11 12 13 14 15 16 17 | 17.8
Spellcasting   | 4 5 6 7 8 10 11 12 13 14 15 16 17 18 19 | 19.0
Conjurations   | 4 5 6 7 8 10 11 12 13 14 15 16 17 18 19 | 19.0
Hexes          | 4 5 6 7 8 10 11 12 13 14 15 16 17 18 19 | 19.0
Summonings     | 4 5 6 7 8 10 11 12 13 14 15 16 17 18 19 | 19.0
Necromancy     | 4 5 6 7 8 10 11 12 13 14 15 16 17 18 19 | 19.0
Translocations | 4 5 6 7 8 10 11 12 13 14 15 16 17 18 19 | 19.0
Transmutations | 4 5 6 7 8 10 11 12 13 14 15 16 17 18 19 | 19.0
Fire Magic     | 4 5 6 7 8 10 11 12 13 14 15 16 17 18 19 | 19.0
Ice Magic      | 4 5 6 7 8 10 11 12 13 14 15 16 17 18 19 | 19.0
Air Magic      | 4 5 6 7 8 10 11 12 13 14 15 16 17 18 19 | 19.0
Earth Magic    | 4 5 6 7 8 10 11 12 13 14 15 16 17 18 19 | 19.0
Poison Magic   | 4 5 6 7 8 10 11 12 13 14 15 16 17 18 19 | 19.0
Dodging        | 4 7 9 11 12 13 14 15 | 15.9
Shields        | 4 5 7 |  7.6
Stealth        | |  1.5

Action                     |  1- 3 |  4- 6 |  7- 9 | 10-12 | 13-15 | 16-18 | 19-21 || total
---------------------------+-------+-------+-------+-------+-------+-------+-------++-------
  Melee: Unarmed           |     1 |       |       |       |       |       |       ||     1
         Punch             |     1 |       |       |       |       |       |       ||     1
         Short sword       |       |     4 |    34 |     1 |     1 |       |       ||    40
         Rapier            |       |       |       |       |     9 |    11 |    27 ||    47
   Cast: Necrotise         |    36 |     5 |       |       |       |       |       ||    41
         Foxfire           |    15 |   134 |    74 |    11 |     3 |       |       ||   237
         Stone Arrow       |       |       |    84 |   324 |   454 |   691 |    71 ||  1624
         Summon Lightning  |       |       |     1 |    14 |    40 |    14 |       ||    69
         Sticky Flame      |       |       |       |     1 |       |       |       ||     1
         Irradiate         |       |       |       |       |     7 |     2 |       ||     9
         Simulacrum        |       |       |       |       |   124 |       |       ||   124
         Summon Hydra      |       |       |       |       |       |    68 |    25 ||    93
         Haunt             |       |       |       |       |       |       |   111 ||   111
 Invoke: Recall Ancestor   |       |       |       |     1 |     4 |     3 |     1 ||     9
         Ancestor Life: Kn |       |       |       |       |     1 |       |       ||     1
  Evoke: Wand              |       |     2 |     1 |     4 |       |       |       ||     7
    Use: Scroll            |       |       |    11 |     4 |     1 |    20 |     4 ||    40
         Potion            |       |       |     4 |       |       |     3 |       ||     7
   Stab: Sleeping          |       |     1 |       |       |       |       |       ||     1
         Distracted        |       |       |       |       |     1 |       |     1 ||     2
 Armour: Robe              |    13 |    16 |     6 |       |       |       |       ||    35
         Steam dragon scal |       |       |     1 |    67 |       |       |       ||    68
         Troll leather arm |       |       |       |     9 |   173 |   250 |   111 ||   543
  Dodge: Dodged            |     7 |    18 |     6 |    63 |   119 |   238 |   119 ||   570
         Repelled          |       |       |       |       |       |    20 |     7 ||    27
  Block: Buckler           |       |       |       |       |    53 |    81 |       ||   134
         Kite shield       |       |       |       |       |       |    15 |    74 ||    89

Table legend: (Time is in decaauts)
 A = Elapsed time spent in this place.
 B = Non-inter-level travel time spent in this place.
 C = Inter-level travel time spent in this place.
 D = Time resting spent in this place.
 E = Time spent auto-exploring this place.
 F = Levels seen in this place.
 G = Mean time per level.
                   A        B        C        D        E       F      G
               +--------+--------+--------+--------+--------+-----+--------+
         Total |  41556 |  38992 |   2564 |   6994 |  23639 |  33 | 1259.3 |
       Dungeon |  21976 |  20356 |   1620 |   4924 |  12268 |  15 | 1465.1 |
        Temple |     54 |     27 |     27 |      0 |      0 |   1 |   54.0 |
          Lair |   5559 |   4998 |    561 |    319 |   3605 |   5 | 1111.8 |
        Shoals |   4217 |   4167 |     50 |    488 |   2345 |   4 | 1054.2 |
     Snake Pit |   6529 |   6312 |    217 |    831 |   3831 |   4 | 1632.2 |
  Orcish Mines |   2066 |   1980 |     86 |    110 |   1178 |   2 | 1033.0 |
         Sewer |    378 |    378 |      0 |      0 |    257 |   1 |  378.0 |
        Bailey |    773 |    773 |      0 |    322 |    155 |   1 |  773.0 |
               +--------+--------+--------+--------+--------+-----+--------+

Top non-repeatable levels by time:
     D:9: 2584 daAuts
    D:14: 2357 daAuts
 Snake:4: 2339 daAuts
    D:10: 2157 daAuts
     D:1: 1798 daAuts
    D:11: 1783 daAuts
    D:12: 1665 daAuts
Shoals:3: 1562 daAuts
 Snake:3: 1489 daAuts
Shoals:1: 1487 daAuts
   Orc:2: 1457 daAuts
  Lair:2: 1402 daAuts
    D:13: 1376 daAuts
 Snake:2: 1353 daAuts
 Snake:1: 1347 daAuts
